 Dungeon Crawl Stone Soup version 0.19.3-1-g3169bf9 (console) character file.

97762 Grinner the Bludgeoner (level 16, -6/182 HPs)
             Began as an Ogre Monk on Jan 21, 2017.
             Was the Champion of the Shining One.
             Shot with a sling bullet by a faun (11 damage)
             ... on level 1 of the Shoals on Jan 25, 2017.
             The game lasted 01:53:57 (28123 turns).

Grinner the Bludgeoner (Ogre Monk)                 Turns: 28123, Time: 01:53:57

Health: -6/182     AC:  4    Str: 25    XL:     16   Next: 20%
Magic:  17/24      EV: 20    Int:  9    God:    the Shining One [******]
Gold:   1571       SH:  0    Dex: 17    Spells: 1 memorised, 13 levels left

rFire  + + .     SeeInvis .     a - +6 giant spiked club (holy)
rCold  + + .     Gourm    .     j - +0 robe {rC+ rF+}
rNeg   + + +     Faith    +     (shield currently unavailable)
rPois  +         Spirit   .     g - +1 hat
rElec  .         Reflect  .     n - +0 cloak
rCorr  .         Harm     .     (gloves unavailable)
MR     +....     Clarity  +     (boots unavailable)
Stlth  +.........               d - amulet of faith
                                S - ring of poison resistance
                                u - +3 ring of dexterity

@: very slightly contaminated, hasted, glowing, very quick
A: unfitting armour, claws 1, hooves 1, camouflage 1, clarity, cold resistance
1, deformed body, fire resistance 1, sense surroundings 2, strong 1, tough skin
1
a: Divine Shield, Cleansing Flame, Summon Divine Warrior, Renounce Religion


You were on level 1 of the Shoals.
You worshipped the Shining One.
The Shining One was exalted by your worship.
You were hungry.

You visited 7 branches of the dungeon, and saw 26 of its levels.
You also visited: Ice Cave.

You collected 1629 gold pieces.
You spent 58 gold pieces at shops.

Inventory:

Hand Weapons
 a - a +6 giant spiked club of holy wrath (weapon)
Missiles
 h - 4 javelins
 q - 5 large rocks (quivered)
Armour
 g - a +1 hat (worn)
 j - a +0 robe of resistance (worn)
 n - a +0 cloak (worn)
Jewellery
 d - an amulet of faith (around neck)
 u - a +3 ring of dexterity (left claw)
 D - an uncursed ring of protection from magic
 P - an uncursed ring of ice
 S - a ring of poison resistance (right claw)
 T - an uncursed ring of protection from magic
 U - an uncursed ring of wizardry
Wands
 b - a wand of digging (12/24)
 o - a wand of iceblast (8/15)
 t - a wand of teleportation (0/9)
 z - a wand of lightning (9/15)
 C - a wand of iceblast (6/15)
 Y - a wand of lightning (4/15)
Scrolls
 k - 7 scrolls of remove curse
 m - 3 scrolls of magic mapping
 r - a scroll of silence
 v - 2 scrolls of identify
 w - 7 scrolls of enchant armour
 K - 2 scrolls of immolation
 R - a scroll of fog
Potions
 e - a potion of agility
 s - 4 potions of brilliance
 x - 2 potions of resistance
 I - 6 potions of lignification
 O - a potion of cure mutation
 Z - 4 potions of flight
Miscellaneous
 p - a lamp of fire
 G - a sack of spiders
 X - a fan of gales
Comestibles
 c - 13 bread rations
 i - 3 royal jellies
 l - 4 meat rations
 H - 40 fruits
 M - 8 slices of pizza


   Skills:
 - Level 16.8 Fighting
 + Level 18.6 Maces & Flails
 - Level 7.2 Throwing
 - Level 1.2 Armour
 * Level 14.7 Dodging
 - Level 1.4 Stealth
 + Level 11.8 Invocations


You had 13 spell levels left.
You knew the following spells:

 Your Spells              Type           Power        Failure   Level  Hunger
a - Throw Flame           Conj/Fire      #.....       65%         2    ###....


Dungeon Overview and Level Annotations

Branches:
Dungeon (15/15)            Temple (1/1) D:4            Lair (6/6) D:11
 Shoals (1/4) Lair:3       Spider (1/4) Lair:3        Slime (0/5) Lair:5
    Orc (1/2) D:12         Vaults (0/5) D:14         Depths (1/5) D:15

Altars:
Ashenzari
Cheibriados
Dithmenos
Elyvilon
Fedhas
Gozag
Hepliaklqana
Kikubaaqudgha
Makhleb
Nemelex Xobeh
Okawaru
Qazlal
Ru
Sif Muna
Trog
Uskayaw
Vehumet
Xom
Yredelemnul
Zin
The Shining One
Jiyva

Shops:
D:4 [   D:5 :   D:7 (   D:9 !   D:10 !

Annotations:
D:10 Harold
Lair:4 exclusion: oklob plant
Lair:6 tself55's ghost, journeyman DrFE


Innate Abilities, Weirdness & Mutations

You are too large for most types of armour.
You have tough skin. (AC +1)
You have sharp fingernails.
You have large cloven feet.
Your skin changes colour to match your surroundings (Stealth+).
You possess an exceptional clarity of mind.
Your flesh is cold resistant. (rC+)
Armour fits poorly on your strangely shaped body.
Your flesh is heat resistant. (rF+)
You passively map the area around you.
Your muscles are strong. (Str +2)


Message History

The harpy barely misses you.
The faun shoots a sling bullet.
The sling bullet closely misses you.
Your angel hits the harpy with a whip of holy wrath! x2
You see here a sling bullet.
The siren hits you with a spear! The Shining One protects you from harm!
The harpy closely misses you. The harpy barely misses you.
You barely miss the harpy. Your kick misses the harpy.
The harpy is severely wounded.
The harpy barely misses you. The harpy claws you!
* * * LOW HITPOINT WARNING * * *
The siren barely misses you.
Your angel barely misses the harpy.
Your angel hits the harpy with a whip of holy wrath!
You bludgeon the harpy!!
You kill the harpy!
You closely miss the siren.
You are feeling hungry.
The siren closely misses you.
The faun shoots a sling bullet.
The sling bullet hits you!
You die...

# #....##...≈≈≈≈....≈≈≈ ,* ,
≈ ####...###..>...≈≈≈≈≈≈≈≈
..##..##........≈≈≈≈≈≈≈≈ ≈≈
, ≈....###.........≈≈≈..≈≈ ,
≈ ≈≈.......≈≈≈≈.....≈≈≈.≈≈
,, ,,
≈≈≈≈≈≈≈≈≈≈..≈≈≈≈..!≈≈≈.. ,*
, ≈≈≈≈≈≈≈≈≈...≈≈..........,,
, ≈
≈≈≈≈≈≈≈≈≈≈≈≈≈c.m≈.####..(..
, ≈ ≈≈≈≈≈≈≈≈≈≈≈≈≈≈≈.@##
*#... ,,,≈,
≈≈≈≈≈≈≈≈≈≈≈≈≈≈≈A(# #.. , .
≈≈≈≈≈≈≈≈≈≈≈≈≈≈≈..# #.## ..
≈≈≈≈≈≈≈≈≈≈≈≈≈≈≈..#
#..####... ≈ ≈≈≈≈≈≈≈≈≈≈≈≈.##
####......... ≈≈≈≈≈≈≈≈≈≈..#
##.........≈≈≈
≈≈≈≈≈≈≈≈≈.m####...m..).≈..≈≈
≈
≈≈≈≈≈≈≈≈.....H≈≈≈≈..≈.>.≈..
≈ ≈≈≈≈≈≈.......≈≈≈≈≈≈≈≈.....


You could see a merfolk, a faun, a siren and a friendly angel.

Vanquished Creatures
  Gastronok (Lair:3)
  A fire giant (D:14)
  2 frost giants
  An orc warlord (D:12)
  Azrael (D:15)
  The ghost of mango the Severer, a journeyman MiFi of Okawaru (D:12)
  The ghost of antares the Eclecticist, a journeyman HEAE of Vehumet (Lair:5)
  A fire dragon (D:15)
  A yaktaur captain (D:15)
  4 hydras
  Fannar (D:11)
  2 catoblepae (Lair:5)
  3 centaur warriors
  The ghost of HeyBub the Basher, a novice MiFi of Okawaru (D:9)
  6 death yaks
  A deep troll earth mage (D:15)
  2 tengu warriors
  A sea snake (Shoals:1)
  3 unseen horrors
  A wizard (D:14)
  7 hill giants
  3 deep elf magi (D:15)
  Pikel (D:4)
  A necromancer (D:14)
  3 orc knights (D:10)
  A harpy (Shoals:1)
  An orb spider (Spider:1)
  17 ugly things
  2 fauns (Shoals:1)
  A cyclops (D:15)
  An ice statue (IceCv)
  A siren (Shoals:1)
  2 manticores
  Psyche (D:8)
  4 black mambas
  A water nymph (Shoals:1)
  A torpor snail (Lair:5)
  6 spiny frogs
  A gargoyle (D:13)
  2 rime drakes
  7 komodo dragons
  3 yaktaurs (D:15)
  A tengu conjurer (D:13)
  4 kobold demonologists
  3 meliai (D:15)
  2 merfolk (Shoals:1)
  A two-headed ogre (D:15)
  7 trolls
  23 polar bears
  Grinder (D:3)
  2 hornets
  3 blink frogs (Lair:1)
  9 slime creatures
  16 hippogriffs
  4 spriggans (Lair:6)
  A shadow (D:14)
  A centaur simulacrum (D:10)
  2 wyverns
  2 wraiths (D:15)
  3 fire elementals (D:15)
  47 yaks
  3 redbacks (Lair:3)
  The ghost of w00t the Cudgeler, an amateur MiCK of Xom (D:4)
  Eustachio (D:4)
  A human (D:8)
  A water elemental (D:14)
  4 hungry ghosts
  4 basilisks
  A steam dragon (D:11)
  Grum (D:8)
  7 vampire mosquitoes
  15 wargs
  A mottled dragon (D:15)
  5 hell hounds
  12 water moccasins
  6 porcupines
  13 orc warriors
  3 slaves (D:4)
  A sky beast (D:5)
  2 boggarts (Lair:6)
  8 ogres
  A phantom (D:12)
  6 black bears
  9 ice beasts
  2 necrophages
  An eye of draining (D:15)
  56 wolves
  11 centaurs
  8 crocodiles
  11 bullfrogs
  3 big kobolds
  A wyvern zombie (D:11)
  10 scorpions
  A troll zombie (D:12)
  18 killer bees
  6 wights
  An electric eel (D:14)
  A howler monkey (D:8)
  12 crimson imps
  2 bullfrog zombies
  7 centaur zombies
  4 hounds
  A quasit (D:10)
  12 orc priests
  9 jellies
  14 orc wizards
  4 iguanas
  Jessica (D:3)
  A bullfrog skeleton (D:9)
  4 centaur skeletons
  16 worker ants
  A killer bee zombie (D:8)
  7 ogre zombies (D:12)
  2 hound skeletons
  10 adders
  8 shadow imps
  2 oozes
  An adder zombie (D:9)
  5 adder skeletons
  3 worms
  A dart slug (D:1)
  7 leopard geckos
  80 orcs
  6 giant cockroaches
  6 goblins
  10 hobgoblins
  20 jackals
  6 quokkas
  8 ball pythons
  8 bats
  6 frilled lizards
  2 goblin skeletons (D:12)
  3 goblin zombies (D:12)
  A hobgoblin skeleton (D:12)
  4 hobgoblin zombies (D:12)
  11 kobolds
  A leopard gecko zombie (D:6)
  4 orc skeletons (D:12)
  11 orc zombies (D:12)
  3 quokka zombies
  8 rats
  A spectral orc (D:6)
  A butterfly (Lair:3)
804 creatures vanquished.

Vanquished Creatures (collateral kills)
  2 tengu warriors (D:15)
  A flayed ghost (D:14)
  A phantasmal warrior (D:14)
  An oklob plant (D:13)
  A centaur skeleton (D:14)
  A yaktaur (D:14)
  A troll (D:15)
  A hornet (D:13)
  A basilisk (D:14)
  A water moccasin (D:13)
  A meliai simulacrum (D:14)
  An oklob sapling (D:13)
  A jelly (D:15)
  An adder (D:13)
  A ball python (D:13)
16 creatures vanquished.

Vanquished Creatures (others)
  A polar bear (IceCv)
  A slave (D:4)
  A worker ant (D:4)
  An orc (D:14)
  A quokka (D:14)
  8 fungi
  10 plants
23 creatures vanquished.

Grand Total: 843 creatures vanquished

Notes
Turn   | Place    | Note
-------+----------+-------------------------------------------
     0 | D:1      | Grinner the Ogre Monk began the quest for the Orb.
     0 | D:1      | Reached XP level 1. HP: 24/24 MP: 1/1
    33 | D:1      | Reached XP level 2. HP: 10/33 MP: 2/2
   712 | D:1      | Reached XP level 3. HP: 39/40 MP: 3/3
   997 | D:1      | Reached skill level 5 in Maces & Flails
  1303 | D:2      | Reached skill level 5 in Fighting
  1589 | D:2      | Reached XP level 4. HP: 41/50 MP: 4/4
  1798 | D:3      | Noticed Grinder
  1807 | D:3      | Paralysed by Grinder for 2 turns
  1810 | D:3      | Reached XP level 5. HP: 60/80 MP: 5/5
  1811 | D:3      | Reached skill level 12 in Maces & Flails
  1811 | D:3      | Reached XP level 6. HP: 53/89 MP: 6/6
  2188 | D:3      | Noticed Jessica
  2196 | D:3      | Paralysed by Grinder for 4 turns
  2203 | D:3      | Killed Jessica
  2211 | D:3      | HP: 1/89 [Grinder/nerve-wracking pain (13)]
  2645 | D:4      | Reached XP level 7. HP: 54/97 MP: 7/7
  2880 | D:4      | Found a burning altar of Makhleb.
  2902 | D:4      | Noticed w00t's ghost (amateur MiCK)
  2906 | D:5      | Entered Level 5 of the Dungeon
  2971 | D:5      | Found Duonefuf's Book Boutique.
  3113 | D:5      | Reached skill level 15 in Fighting
  3385 | D:5      | Reached skill level 13 in Maces & Flails
  3459 | D:5      | Gained mutation: Your skin changes colour to match your surroundings (Stealth+). [potion of beneficial mutation]
  3487 | D:5      | Found a radiant altar of Vehumet.
  3651 | D:3      | Killed Grinder
  3651 | D:3      | Reached skill level 1 in Armour
  3651 | D:3      | Reached XP level 8. HP: 103/107 MP: 8/8
  3652 | D:3      | Upgraded the game from 0.19.1-1-g22dce08 to 0.19.3-1-g3169bf9
  4868 | D:6      | Reached skill level 1 in Throwing
  5162 | D:6      | Found a blossoming altar of Fedhas.
  5173 | D:6      | Reached XP level 9. HP: 101/115 MP: 9/9
  5480 | D:6      | Found a basalt altar of Yredelemnul.
  5768 | D:4      | Noticed Eustachio
  5776 | D:4      | Killed Eustachio
  5828 | D:4      | Found Hoxub's Armour Boutique.
  5926 | D:4      | Noticed Pikel
  5941 | D:4      | Killed Pikel
  6187 | D:4      | Killed w00t's ghost
  6323 | D:4      | Found a staircase to the Ecumenical Temple.
  6642 | Temple   | Entered the Ecumenical Temple
  6879 | D:7      | Found Qumogent's Weapon Shop.
  6941 | D:7      | Bought 4 large rocks for 33 gold pieces
  6951 | D:7      | Identified the Collected Works on the Arsonist
  7022 | D:7      | Reached XP level 10. HP: 122/126 MP: 10/10
  7213 | D:7      | Reached skill level 5 in Dodging
  7444 | D:8      | Noticed Grum
  7465 | D:8      | Killed Grum
  7916 | D:8      | Found a blossoming altar of Fedhas.
  7916 | D:8      | Found a bloodstained altar of Trog.
  7943 | D:8      | Noticed Psyche
  7946 | D:8      | Killed Psyche
  8272 | D:8      | Found a faded altar of an unknown god.
  8272 | D:8      | Found a faded altar of an unknown god.
  8278 | D:8      | Found a faded altar of an unknown god.
  8280 | D:8      | Found a hazy altar of Hepliaklqana.
  8282 | D:8      | Found a faded altar of an unknown god.
  8355 | D:9      | Noticed HeyBub's ghost (novice MiFi)
  8486 | D:9      | Killed HeyBub's ghost
  8509 | D:9      | Reached skill level 14 in Maces & Flails
  8509 | D:9      | Reached XP level 11. HP: 67/135 MP: 11/11
  8922 | D:9      | Found Rurchoc's Distillery.
  8946 | D:9      | Found a shimmering altar of Xom.
  8978 | D:9      | Found a glowing golden altar of the Shining One.
  8985 | D:9      | Became a worshipper of the Shining One
  8985 | D:9      | Reached * piety under the Shining One
  8985 | D:9      | Reached ** piety under the Shining One
  9210 | D:10     | Entered Level 10 of the Dungeon
  9315 | D:10     | Found Puog's Distillery.
  9335 | D:10     | Bought a potion of mutation for 25 gold pieces
  9335 | D:10     | Gained mutation: You passively map a small area around you. [potion of mutation]
  9335 | D:10     | Gained mutation: Your spells are a little harder to cast, but a little more powerful. [potion of mutation]
  9335 | D:10     | Gained mutation: You possess an exceptional clarity of mind. [potion of mutation]
  9935 | D:10     | Found a bloodstained altar of Trog.
  9961 | D:10     | Reached skill level 5 in Throwing
  9974 | D:10     | Reached *** piety under the Shining One
  9985 | D:10     | Reached skill level 1 in Invocations
 10323 | D:10     | Noticed an orc knight
 10845 | D:10     | Noticed a hill giant
 10855 | D:10     | Killed a hill giant
 11132 | D:10     | Killed an orc knight
 11294 | D:10     | Noticed an orc knight
 11301 | D:10     | Killed an orc knight
 11301 | D:10     | Reached XP level 12. HP: 55/146 MP: 14/14
 12127 | D:10     | Noticed Harold
 12452 | D:11     | Noticed Fannar
 12474 | D:11     | Killed Fannar
 12586 | D:11     | Reached **** piety under the Shining One
 12625 | D:11     | Found a frozen archway.
 12636 | D:11     | Got a distressingly furry robe
 12647 | D:11     | Identified the +1 robe "Siarph" {rF- Str+5 Dex+4} (You found it on level 11 of the Dungeon)
 12737 | IceCv    | Entered an ice cave
 13090 | IceCv    | Reached skill level 15 in Maces & Flails
 13307 | IceCv    | Reached skill level 5 in Invocations
 13365 | IceCv    | Noticed a death yak
 13386 | IceCv    | Killed a death yak
 13405 | IceCv    | Reached XP level 13. HP: 146/154 MP: 16/16
 13518 | IceCv    | Noticed a frost giant
 14132 | IceCv    | Learned a level 2 spell: Throw Flame
 14548 | D:11     | Found a staircase to the Lair.
 14565 | Lair:1   | Entered Level 1 of the Lair of Beasts
 14814 | Lair:1   | Reached skill level 10 in Dodging
 16066 | Lair:3   | Reached skill level 16 in Maces & Flails
 16138 | Lair:3   | Found a hole to the Spider Nest.
 16546 | Lair:3   | Reached ***** piety under the Shining One
 16574 | Lair:3   | Found a staircase to the Shoals.
 16616 | Lair:3   | Noticed Gastronok
 16633 | Lair:3   | Killed Gastronok
 16709 | Lair:3   | Reached XP level 14. HP: 145/163 MP: 19/19
 17982 | Lair:5   | Noticed antares's ghost (journeyman HEAE)
 17994 | Lair:5   | Killed antares's ghost
 18407 | Lair:5   | Found a staircase to the Slime Pits.
 18407 | Lair:5   | Found a viscous altar of Jiyva.
 18822 | Lair:6   | Entered Level 6 of the Lair of Beasts
 18845 | Lair:6   | Reached skill level 17 in Maces & Flails
 19308 | Lair:6   | Noticed tself55's ghost (journeyman DrFE)
 20103 | D:12     | Found a staircase to the Orcish Mines.
 20108 | D:12     | Reached ****** piety under the Shining One
 20582 | D:12     | Noticed mango's ghost (journeyman MiFi)
 20617 | D:12     | Killed mango's ghost
 20828 | D:12     | Reached XP level 15. HP: 145/172 MP: 22/22
 21098 | D:13     | Gained mutation: Armour fits poorly on your strangely shaped body. [mutagenic meat]
 21099 | D:13     | Gained mutation: Your flesh is heat resistant. (rF+) [mutagenic meat]
 21100 | D:13     | Lost mutation: Your spells are a little harder to cast, but a little more powerful. [mutagenic meat]
 21101 | D:13     | Gained mutation: Your flesh is cold resistant. (rC+) [mutagenic meat]
 21162 | D:13     | Gained mutation: You have large cloven feet. [potion of mutation]
 21162 | D:13     | Gained mutation: Your muscles are strong. (Str +2) [potion of mutation]
 21531 | D:13     | Reached skill level 10 in Invocations
 21682 | D:13     | Gained mutation: You have sharp fingernails. [potion of mutation]
 21682 | D:13     | Gained mutation: You passively map the area around you. [potion of mutation]
 21731 | D:14     | Found a white marble altar of Elyvilon.
 22093 | D:14     | Found a gate to the Vaults.
 22512 | D:14     | Noticed a fire giant
 22521 | D:14     | Killed a fire giant
 22594 | D:14     | Noticed a frost giant
 22607 | D:14     | Killed a frost giant
 22988 | D:15     | Entered Level 15 of the Dungeon
 22996 | D:15     | Found a shimmering altar of Xom.
 22996 | D:15     | Found a shimmering altar of Xom.
 22997 | D:15     | Found a shimmering altar of Xom.
 23310 | D:15     | Found a shimmering altar of Xom.
 23310 | D:15     | Found a shimmering altar of Xom.
 23317 | D:15     | Found a shimmering altar of Xom.
 23317 | D:15     | Found a shimmering altar of Xom.
 23369 | D:15     | Reached skill level 18 in Maces & Flails
 23702 | D:15     | Identified a +5 giant spiked club of holy wrath (a +3 giant spiked club blessed by the Shining One)
 23702 | D:15     | Received a gift from the Shining One
 23759 | D:15     | Noticed Azrael
 23782 | D:15     | Killed Azrael
 25897 | D:15     | Reached XP level 16. HP: 142/182 MP: 24/24
 25997 | D:15     | Found a staircase to the Depths.
 26016 | Depths:1 | Entered Level 1 of the Depths
 26333 | Orc:1    | Entered Level 1 of the Orcish Mines
 26375 | D:12     | HP: 5/182 [orc warrior/flail (27)]
 27255 | Spider:1 | Entered Level 1 of the Spider Nest
 27314 | Shoals:1 | Entered Level 1 of the Shoals
 28101 | Shoals:1 | HP: 7/182 [merfolk/trident of protection (7)]
 28120 | Shoals:1 | The Shining One protects you from harm!
 28121 | Shoals:1 | HP: 4/182 [harpy (8)]
 28123 | Shoals:1 | Shot with a sling bullet by a faun

Skill      XL: |  1  2  3  4  5  6  7  8  9 10 11 12 13 14 15 |
---------------+----------------------------------------------+-----
Maces & Flails | 5 12 13 14 15 16 17 18 | 18.6
Fighting       | 5 14 15 16 | 16.8
Armour         | 1 |  1.2
Dodging        | 3 4 6 7 9 11 12 14 | 14.7
Throwing       | 1 2 4 5 6 7 |  7.2
Invocations    | 2 5 7 9 11 | 11.8
Stealth        | |  1.4

Action                   |  1- 3 |  4- 6 |  7- 9 | 10-12 | 13-15 | 16-18 || total
-------------------------+-------+-------+-------+-------+-------+-------++-------
Melee: Mace              |   109 |   120 |   230 |       |       |       ||   459
       Dire flail        |       |       |   131 |   680 |  1131 |       ||  1942
       Flail             |       |       |       |       |    28 |       ||    28
       Kick              |       |       |       |       |   169 |    35 ||   204
       Giant spiked club |       |       |       |       |   150 |    92 ||   242
Throw: Javelin           |       |       |     5 |    10 |    10 |       ||    25
       Large rock        |       |       |       |    24 |    11 |     2 ||    37
Invok: Divine Shield     |       |       |       |     4 |    10 |     2 ||    16
       Cleansing Flame   |       |       |       |       |     5 |       ||     5
       Summon Divine War |       |       |       |       |     5 |     2 ||     7
       Brand Weapon With |       |       |       |       |     1 |       ||     1
Evoke: Wand              |       |       |       |       |     2 |       ||     2
  Use: Scroll            |       |     7 |     4 |    11 |    25 |     2 ||    49
       Potion            |       |     9 |     3 |     7 |    12 |     1 ||    32
 Stab: Sleeping          |     1 |     2 |    12 |     4 |     2 |       ||    21
       Distracted        |       |       |     1 |       |       |       ||     1
       Invisible         |       |       |     3 |       |       |       ||     3
  Eat: Chunk             |     2 |     3 |    15 |     6 |    35 |     3 ||    64
       Beef jerky        |       |       |     1 |       |       |       ||     1
       Meat ration       |       |       |       |     2 |       |       ||     2
       Bread ration      |       |       |       |     1 |     1 |     1 ||     3
       Pizza             |       |       |       |       |     5 |       ||     5
Armor: Robe              |    38 |    54 |    75 |     8 |    20 |     8 ||   203
       Animal skin       |       |       |       |    37 |       |       ||    37
       Troll leather arm |       |       |       |    59 |   141 |       ||   200
Dodge: Dodged            |    74 |    87 |   132 |   325 |   812 |    95 ||  1525
Block: Other             |       |       |       |    18 |    52 |     4 ||    74
